 Dungeon Crawl Stone Soup version 0.25.1-2-g60ff931df9 (webtiles) character file.

Game seed: 746608855397310566

91 Garessta the Insei (level 4, 0/28 HPs)
             Began as an Octopode Transmuter on Oct 17, 2020.
             Slain by a bat (1 damage)
             ... on level 1 of the Dungeon.
             The game lasted 00:04:50 (1363 turns).

Garessta the Insei (Octopode Transmuter)            Turns: 1363, Time: 00:04:51

Health: 0/28       AC:  1    Str: 10    XL:     4   Next: 59%
Magic:  7/7        EV: 13    Int: 15    God:
Gold:   75         SH:  0    Dex: 12    Spells: 4/7 levels left

rFire    . . .     SeeInvis .     - Unarmed
rCold    . . .     Gourm    .   (no shield)
rNeg     . . .     Faith    .   (helmet restricted)
rPois    .         Spirit   .   (no amulet)
rElec    .         Reflect  .   (no ring)
rCorr    .         Harm     .   (no ring)
MR       .....                  (no ring)
Stlth    ++........             (no ring)
HPRegen  0.09/turn              (no ring)
MPRegen  0.10/turn              (no ring)
                                (no ring)
                                (no ring)

@: no status effects
A: almost no armour, stealthy swim, amphibious, 8 rings, constrict 8, camouflage
1, gelatinous body 1
a: no special abilities


You were on level 1 of the Dungeon.
You were not hungry.

You visited 1 branch of the dungeon, and saw 2 of its levels.

You collected 75 gold pieces.

Inventory:

Missiles
 a - 23 arrows
Scrolls
 b - a scroll of random uselessness {unknown}
 d - a scroll of identify {unknown}
 e - a scroll of immolation
 j - a scroll of teleportation {unknown}
 k - a scroll of amnesia
Potions
 h - a potion of resistance {unknown}
 i - a potion of stabbing {unknown}
Comestibles
 c - 2 rations
 f - 7 chunks of flesh


   Skills:
 - Level 1.0 Fighting
 - Level 2.0 Dodging
 * Level 4.6 Unarmed Combat
 - Level 2.0 Spellcasting
 + Level 3.1 Transmutations


You had 4 spell levels left.
You knew the following spells:

 Your Spells              Type           Power        Failure   Level  Hunger
a - Beastly Appendage     Tmut           ##....       6%          1    #......
b - Sticks to Snakes      Tmut           ##......     10%         2    ###....

Your spell library contained the following spells:

 Spells                   Type           Power        Failure   Level  Hunger
 Spider Form              Tmut/Pois      #.........   34%         3    ###....
 Ice Form                 Ice/Tmut       #.......     75%         4    #####..
 Blade Hands              Tmut           ##........   86%         5    ######.


Dungeon Overview and Level Annotations

Branches:
Dungeon (2/15)

Altars:


Innate Abilities, Weirdness & Mutations

You cannot wear most types of armour.
You are very stealthy in the water. (Stealth+)
You are amphibious.
You can wear up to eight rings at the same time.
You can use your tentacles to constrict eight enemies at once.
Your skin changes colour to match your surroundings (Stealth+).
Your rubbery body absorbs attacks. (AC +1, EV +1)


Message History

The kobold hits you with a +0 whip.
* * * LOW HITPOINT WARNING * * *
You climb upwards.
There is a stone staircase leading down here.
As you read the scroll labeled HYIH LOPHU, it crumbles to dust.
The creatures around you are filled with an inner flame!
It was a scroll of immolation.
The bat hits you but does no damage. The bat completely misses you.
The kobold closely misses you. The bat barely misses you.
As you read the scroll labeled BEICUSAETS, it crumbles to dust.
It is a scroll of amnesia.
Really abort (and waste the scroll)?
Okay, then.
The bat misses you. The kobold hits you with a +0 whip.
* * * LOW HITPOINT WARNING * * *
The bat hits you but does no damage. The kobold misses you.
As you read the scroll labeled RAYKUM DUAFORR, it crumbles to dust.
You feel blessed for a moment.
It was a scroll of remove curse.
The bat hits you.
You die...

......##.######### #.......#
.#.##....# ###.##.####
....###..#### #...#..#
#...####....# #.###.##
#....###.##.# ###.# #.#
##....(..##.#####...###.#
##.#.##..##.....#.##....#
............###b..##.####
##.##....##.###K@..#.##
#.####)..#.....##....#######
#.# ##..##....####........#
#.# #).....#...#..##.....#
#.#####......###........[..#
##............#####.###.....#
..............#.....# #.....#
..............#....## #.....#
...................# #.....#


You could see a bat (inner flame) and a kobold (fast, inner flame).

Vanquished Creatures
  An adder (D:2)
  A gnoll (D:2)
  An ooze (D:2)
  2 worms (D:2)
  2 dart slugs
  4 bats
  7 giant cockroaches
  9 goblins
  6 hobgoblins
  3 jackals (D:1)
  3 kobolds (D:1)
  2 quokkas (D:2)
  A frilled lizard (D:2)
  11 rats
53 creatures vanquished.

Vanquished Creatures (collateral kills)
  A jackal (D:1)
1 creature vanquished.

Grand Total: 54 creatures vanquished

Notes
Turn   | Place    | Note
-------+----------+-------------------------------------------
     0 | D:1      | Garessta the Octopode Transmuter began the quest for the
                  | Orb.
     0 | D:1      | Reached XP level 1. HP: 13/13 MP: 3/3
    51 | D:1      | Reached XP level 2. HP: 11/18 MP: 5/5
    58 | D:1      | Learned a level 2 spell: Sticks to Snakes
   388 | D:1      | Reached XP level 3. HP: 14/23 MP: 1/6
   614 | D:1      | You fall into a shaft and drop 1 floor!
   673 | D:2      | Reached skill level 4 in Unarmed Combat
  1129 | D:2      | Reached XP level 4. HP: 28/28 MP: 5/7
  1362 | D:1      | HP: 1/28 [kobold/+0 whip (5)]
  1363 | D:1      | Slain by a bat

Illustrated notes

Levels and vault maps discovered:
D:1:      scummos_arrival_gate, layout_rooms
D:2:      minmay_recursive_quarters, layout_rooms, first_ration,
          minmay_pentomino_x2

Skill      XL: |  1  2  3  4 |
---------------+-------------+-----
Unarmed Combat | 4 |  4.6
Transmutations | 3 |  3.1
Fighting       | |  1.0
Dodging        | |  2.0
Spellcasting   | |  2.0

Action                   |  1- 3 |  4- 6 || total
-------------------------+-------+-------++-------
Melee: Unarmed           |    78 |    26 ||   104
       Tentacles         |    17 |     3 ||    20
       Constrict         |    25 |     6 ||    31
       Kick              |    19 |     5 ||    24
       Punch             |     1 |     1 ||     2
 Cast: Beastly Appendage |    15 |     3 ||    18
       Sticks to Snakes  |     3 |     2 ||     5
  Use: Scroll            |       |     3 ||     3
 Stab: Sleeping          |     4 |       ||     4
  Eat: Chunk             |     1 |     1 ||     2
Armor: Skin              |     8 |     4 ||    12
Dodge: Dodged            |    49 |    32 ||    81
